Workbook
Name \a: #REF!
Name \a: #REF!
Name \a: #REF!
Name \A: #REF!
Name \a: #REF!
Name \a: #REF!
Name \L: #REF!
Name \L: #REF!
Name \P: #REF!
Name \P: #REF!
Name \s: #REF!
Name \s: #REF!
Name \s: #REF!
Name \s: #REF!
Name \s: #REF!
Name \s: #REF!
Name \X: '900.3'!ERR
Name \X: #N/A
Name \X: 'PRESUPUESTO OFICIAL'!ERR
Name \X: [0]!ERR
Name \Z: '900.3'!ERR
Name \Z: #N/A
Name \Z: 'PRESUPUESTO OFICIAL'!ERR
Name \Z: [0]!ERR
Name __________________________AFC1: [1]INV!$A$25:$D$28
Name __________________________AFC3: [1]INV!$F$25:$I$28
Name __________________________AFC5: [1]INV!$K$25:$N$28
Name __________________________BGC1: [1]INV!$A$5:$D$8
Name __________________________BGC3: [1]INV!$F$5:$I$8
Name __________________________BGC5: [1]INV!$K$5:$N$8
Name __________________________CAC1: [1]INV!$A$19:$D$22
Name __________________________CAC3: [1]INV!$F$19:$I$22
Name __________________________CAC5: [1]INV!$K$19:$N$22
Name __________________________rc: #REF!
Name __________________________rc: #REF!
Name __________________________rc: #REF!
Name __________________________rc: #REF!
Name __________________________SBC1: [1]INV!$A$12:$D$15
Name __________________________SBC3: [1]INV!$F$12:$I$15
Name __________________________SBC5: [1]INV!$K$12:$N$15
Name _________________________AFC1: [1]INV!$A$25:$D$28
Name _________________________AFC3: [1]INV!$F$25:$I$28
Name _________________________AFC5: [1]INV!$K$25:$N$28
Name _________________________BGC1: [1]INV!$A$5:$D$8
Name _________________________BGC3: [1]INV!$F$5:$I$8
Name _________________________BGC5: [1]INV!$K$5:$N$8
Name _________________________CAC1: [1]INV!$A$19:$D$22
Name _________________________CAC3: [1]INV!$F$19:$I$22
Name _________________________CAC5: [1]INV!$K$19:$N$22
Name _________________________rc: #REF!
Name _________________________rc: #REF!
Name _________________________rc: #REF!
Name _________________________rc: #REF!
Name _________________________SBC1: [1]INV!$A$12:$D$15
Name _________________________SBC3: [1]INV!$F$12:$I$15
Name _________________________SBC5: [1]INV!$K$12:$N$15
Name ________________________AFC1: [1]INV!$A$25:$D$28
Name ________________________AFC3: [1]INV!$F$25:$I$28
Name ________________________AFC5: [1]INV!$K$25:$N$28
Name ________________________BGC1: [1]INV!$A$5:$D$8

Sheet PRESUPUESTO OFICIAL
C3: INSTITUTO NACIONAL DE VÍAS
C4: DIRECCIÓN TERRITORIAL NORTE DE SANTANDER
C10: SA-MC-DT-NSA-005-2020
C12: HABILITAR LA VÍA LA LEJÍA – SARAVENA DE LAS AFECTACIONES OCASIONADAS POR EMERGENCIAS A TRAVÉS DE MANTENIMIENTO Y ATENCIÓN DE SITIOS CRÍTICOS.
C13: PRESUPUESTO OFICIAL
C16: Nº | D16: ITEM DE PAGO | E16: ESPECIFICACIONES | G16: DESCRIPCION | H16: UND. | I16: CANTIDAD | J16: VALOR UNITARIO | K16: VALOR TOTAL
E17: GENERAL | F17: PARTICULAR
C18: EXPLANACIONES
C19: 1 | D19: 211.1 | E19: 211-13 | G19: Remoción de derrumbes | H19: m3 | I19: 4000 | J19: ='211.1'!N79 -> 6786 | K19: =I19*J19 -> 27144000
C20: Subtotal | K20: =ROUND(SUM(K19:K19),0) -> 27144000
C21: BASES, SUBBASES Y AFIRMADOS
C22: =+C19+1 -> 2 | D22: 310.1 | E22: 310-13 | G22: Conformación de la calzada existente | H22: m2 | I22: =3911*6 -> 23466 | J22: ='310.1'!N79 -> 1276 | K22: =I22*J22 -> 29942616
C23: =C22+1 -> 3 | D23: 311.1 | E23: 310-13 | G23: Afirmado | H23: m3 | I23: =3600*5*0.12 -> 2160 | J23: ='311.1'!N80 -> 101549 | K23: =I23*J23 -> 219345840
C24: Subtotal | K24: =ROUND(SUM(K22:K23),0) -> 249288456
C25: ESTRUCTURAS Y DRENAJES
C26: 4 | D26: 681.1 | E26: 681-13 | G26: Gaviónes de Malla de Alambre de Acero Entrelazado Clase 1; recubrimiento de Zinc (galvanizado) | H26: m3 | I26: 390 | J26: ='681.1'!N79 -> 283747 | K26: =I26*J26 -> 110661330
C27: 5 | F27: 1P | G27: Construccion y colocacion de hexapodos concreto clase D 210 Kg/cm2=3000 psi= 21MPa | H27: m3 | I27: 50 | J27: =HEXAPODOS!L79 -> 1511541 | K27: =I27*J27 -> 75577050
C28: Subtotal | K28: =ROUND(SUM(K26:K27),0) -> 186238380
C29: TRANSPORTES
C30: 6 | D30: 900.3 | E30: 900-13 | G30: Transporte de materiales provenientes de derrumbes, medido a partir de cien metros (100m) | H30: m3-km | I30: =I19*5 -> 20000 | J30: ='900.3'!N79 -> 1685 | K30: =I30*J30 -> 33700000
C31: Subtotal | K31: =ROUND(SUM(K30:K30),0) -> 33700000
C32: SUBTOTAL BÁSICO DE LAS OBRAS | K32: =K20+K24+K28+K31 -> 496370836
C33: PROVISIÓN PARA AJUSTES, OBRAS COMPLEMENTARIAS Y/O ADICIONALES
C34: VALOR BÁSICO OBRA | K34: =K32+K33 -> 496370836
C35: VALOR IVA (OBRA) (19% SOBRE UTILIDAD OBRA) | K35: =ROUND(K34/1.3*0.05*19%,0) -> 3627325
C36: VALOR TOTAL OBRA | K36: =K34+K35 -> 499998161
C37: ACTUALIZACIÓN, REVISIÓN Y/O ELABORACIÓN DEL DISEÑO DE LA ESTRUCTURA DEL PAVIMENTO Y/O CÁLCULOS ESTRUCTURALES Y/O DE OBRAS REQUERIDAS Y/O DE ESTUDIOS Y DISEÑOS PARA GARANTIZAR LA ESTABILIDAD DE LAS OBRAS
C38: IVA ESTUDIOS Y DISEÑO (19% SOBRE EL VALOR BÁSICO) | K38: =ROUND(K37*19%,0) -> 0
C39: VALOR TOTAL ACTUALIZACIÓN, REVISIÓN Y/O ELABORACIÓN DEL DISEÑO DE LA ESTRUCTURA DEL PAVIMENTO Y/O CÁLCULOS ESTRUCTURALES Y/O DE OBRAS REQUERIDAS Y/O DE ESTUDIOS Y DISEÑOS PARA GARANTIZAR LA ESTABILIDAD DE LAS OBRAS | K39: =K37+K38 -> 0
C40: VALOR TOTAL CONTRATO | K40: =K36+K39 -> 499998161
C41: VALOR TOTAL EN LETRAS: | F41: CUATROCIENTOS NOVENTA Y NUEVE MILLONES NOVECIENTOS NOVENTA Y OCHO MIL CIENTO SESETA Y UN PESOS M/CTE
C42: NOTA 1: Teniendo en cuenta el Manual de Señalización Vial - Dispositivos uniformes para la Regulación del Tránsito en Calles, Carreteras y Ciclorrutas de Colombia, adoptado mediante Resolución N° 0001885 del 17 de junio de 2015 del Ministerio de Transporte, se aclara que el aparte de SEÑALIZACIÓN se debe ajustar a todo su contenido, esta señalización debe colocarse desde la órden de iniciación del contrato. | H42: DESCRIPCIÓN | K42: PORCENTAJE
C43: NOTA 2: El control de tráfico temporal (controladores de trafico) y la señalización provisional necesarios para la ejecución de las obras será por cuenta y riesgo del contratista. | H43: ADMINISTRACIÓN | J43: A= | K43: 0.2
C44: NOTA 3: Se debe tener en cuenta que el PRECIO UNITARIO incluye el valor de A.I.U. | H44: IMPREVISTO | J44: I= | K44: 0.05
C45: NOTA 4: Si el valor del A.I.U. presentado es menor al OCHENTA Y CINCO por ciento (85%) o mayor al Ciento diez por ciento (110%) del Valor Oficial del Porcentaje de A.I.U., establecido en el formulario No 1 "presupuesto oficial", la propuesta será rechazada. | H45: UTILIDAD | J45: U= | K45: 0.05
C46: NOTA 5: Cuando la fracción decimal del peso sea igual o superior a 5 se aproximara por exceso al número entero siguiente del peso y cuando la fracción decimal del peso sea inferior a 5 se aproximará por defecto al número entero del peso. | H46: TOTAL A.I.U | J46: A.I.U.= | K46: =K43+K44+K45 -> 0.3
C47: NOTA 6. El A.I.U y su discriminación deben estar en porcentaje (%).
C48: NOTA 7. El reconocimiento económico de los requerimientos ambientales exigidos por las autoridades ambientales, y/o sociales que son de obligatorio cumplimiento, serán reconocidos a cargo de reembolso de gastos (afectados por un % de administracion).

Sheet 211.1
K1: CÓDIGO | L1: MINFRA-MN-IN-10-FR-1
C2: INSTITUTO NACIONAL DE VIAS
C3: PROCESO GESTIÓN DE LA INFRAESTRUCTURA VIAL | K3: VERSIÓN | L3: 1
C4: MANUAL DE INTERVENTORÍA OBRA PÚBLICA
C5: ANÁLISIS DE PRECIOS UNITARIOS | K5: PÁGINA | M5: DE
K8: FECHA
L9: (Día) | M9: (Mes) | N9: (Año)
B10: ITEMS DE LA PROPUESTA ECONÓMICA | H10: ITEMS NO PREVISTOS
B11: UNIDAD EJECUTORA: | I11: DIRECCIÓN TERRITORIAL: | J11: NORTE DE SANTANDER
B14: CONTRATO No. | D14: DE
B15: OBJETO DEL CONTRATO:
B18: CARRETERA: | C18: LA LEJIA - SARAVENA (6604) | J18: SECTOR:
B20: CONTRATISTA:
B22: INTERVENTOR: | K22: CTO No.: | M22: DE
B24: FECHA CIERRE PROCESO DE SELECCIÓN CONTRATO DE OBRA:
F25: (Día) | H25: (Mes) | J25: (Año)
B27: DATOS ESPECÍFICOS
B29: ITEM | C29: DESCRIPCIÓN | K29: GRUPO DE AJUSTE | L29: UNIDAD | N29: CANTIDAD
B30: 211.1 | C30: Remoción de derrumbes | L30: m3
B32: I. EQUIPO
B34: DESCRIPCIÓN | I34: TIPO | K34: TARIFA/HORA | L34: RENDIMIENTO | N34: Vr. UNITARIO
B35: RETROEXCAVADORA SOBRE ORUGA, POTENCIA 138 HP, VALDE DE 1,5 m3. | K35: 190000 | L35: 45 | N35: =+K35/L35 -> 4222.2222
B39: HERRAMIENTA MENOR (%) | L39: 0.01 | N39: =N67*L39 -> 6.0145556
B40: SUBTOTAL $ | N40: =SUM(N35:N39) -> 4228.2368
B42: II. MATERIALES
B44: DESCRIPCIÓN | J44: UNIDAD | K44: CANTIDAD | L44: PRECIO UNIT. | N44: Vr. UNITARIO
N45: =+K45*L45 -> 0
B53: SUBTOTAL $ | N53: =SUM(N45:N52) -> 0
B55: III. TRANSPORTES
B57: MATERIAL | H57: UNIDAD | I57: CANTIDAD (1) | J57: DISTANCIA (2) | K57: CANTIDAD * DISTANCIA (1) * (2) | L57: TARIFA | N57: Vr. UNITARIO
B58: TRANSPORTE DE MAQUINARIA | H58: GL | K58: =+I58*J58 -> 0 | N58: 390.5
B60: SUBTOTAL $ | N60: =SUM(N58:N59) -> 390.5
B62: IV. MANO DE OBRA
B64: DESCRIPCIÓN | I64: JORNAL | J64: PRESTACIONES | K64: JORNAL TOTAL | L64: RENDIMIENTO | N64: Vr. UNITARIO
A65: A0030020 | B65: Obrero (1) | I65: 29260 | J65: 1.85 | K65: =I65*J65 -> 54131 | L65: =+L35*6 -> 270 | N65: =+K65/L65 -> 200.48519
B66: Paleteros (2) | I66: =2*I65 -> 58520 | J66: 1.85 | K66: =+J66*I66 -> 108262 | L66: =+L65 -> 270 | N66: =+K66/L66 -> 400.97037
B67: SUBTOTAL $ | N67: =SUM(N65:N66) -> 601.45556
B69: TOTAL COSTO DIRECTO $ | N69: =+N40+N53+N60+N67 -> 5220.1923
B71: V. COSTOS INDIRECTOS
B73: DESCRIPCIÓN | K73: Porcentaje | L73: Valor Total
B74: ADMINISTRACIÓN | K74: 0.2 | L74: =K74*$N$69 -> 1044.0385
B75: IMPREVISTOS | K75: 0.05 | L75: =K75*$N$69 -> 261.00962
B76: UTILIDAD | K76: 0.05 | L76: =K76*$N$69 -> 261.00962
B77: SUBTOTAL $ | N77: =SUM(L74:M76) -> 1566.0577
B79: Precio Unitario Total Aproximado al peso $ | N79: =ROUND(SUM(N69,N77),0) -> 6786
E84: Firma
E85: Nombre:
E86: Representante Legal del Contratista o su Apoderado
E87: Matricula No. :
B89: OBSERVACIONES INTERVENTORÍA:
B95: APROBACIÓN POR INTERVENTORÍA
B96: Nota 1: Cuando se trate de Análisis de precios unitarios correspondientes a ítems de la propuesta económica aprobada, el Interventor aprueba el desglose de los componentes manteniendo el mismo precio unitario de cada ítem, cumpliendo con las especificaciones de construcción vigentes para el proyecto.
B98: Nota 2: Cuando se trate de Análisis de precios unitarios de ítems no previstos, el Interventor aprueba el desglose y precio unitario de cada ítem no previsto, exigiendo la aplicación de los costos correspondientes a insumos y tarifas de la propuesta económica inicial cuando estén contemplados, cumpliendo con las especificaciones de construcción vigente para el proyecto.
E104: Firma
E105: Nombre:
E106: Representante Legal del Interventor o su Apoderado
E107: Matricula No. :

Sheet 310.1
K1: CÓDIGO | L1: MINFRA-MN-IN-10-FR-1
C2: INSTITUTO NACIONAL DE VIAS
C3: PROCESO GESTIÓN DE LA INFRAESTRUCTURA VIAL | K3: VERSIÓN | L3: 1
C4: MANUAL DE INTERVENTORÍA OBRA PÚBLICA
C5: ANÁLISIS DE PRECIOS UNITARIOS | K5: PÁGINA | M5: DE
K8: FECHA
L9: (Día) | M9: (Mes) | N9: (Año)
B10: ITEMS DE LA PROPUESTA ECONÓMICA | H10: ITEMS NO PREVISTOS
B11: UNIDAD EJECUTORA: | I11: DIRECCIÓN TERRITORIAL:
B14: CONTRATO No. | D14: DE
B15: OBJETO DEL CONTRATO:
B18: CARRETERA: | J18: SECTOR:
B20: CONTRATISTA:
B22: INTERVENTOR: | K22: CTO No.: | M22: DE
B24: FECHA CIERRE PROCESO DE SELECCIÓN CONTRATO DE OBRA:
F25: (Día) | H25: (Mes) | J25: (Año)
B27: DATOS ESPECÍFICOS
B29: ITEM | C29: DESCRIPCIÓN | K29: GRUPO DE AJUSTE | L29: UNIDAD | N29: CANTIDAD
B30: 310.1 | C30: Conformación de la calzada existente | L30: m2
B32: I. EQUIPO
B34: DESCRIPCIÓN | I34: TIPO | K34: TARIFA/HORA | L34: RENDIMIENTO | N34: Vr. UNITARIO
A35: C0010150 | B35: Carrotanque de agua(1000 Galones) | K35: 65000 | L35: 600 | N35: =+K35/L35 -> 108.33333
A36: C0010610 | B36: Motoniveladora potencia 215 HP, ancho de cuchilla 4,27 m, peso 18 ton. | K36: 190000 | L36: =+L35 -> 600 | N36: =+K36/L36 -> 316.66667
A37: C0010923 | B37: Vibrocompatador, potencia 153 HP, peso 10 Ton. | K37: 160000 | L37: =+L35 -> 600 | N37: =+K37/L37 -> 266.66667
B39: HERRAMIENTA MENOR (%) | L39: 0.01 | N39: =N67*L39 -> 0.44395375
B40: SUBTOTAL $ | N40: =SUM(N35:N39) -> 692.11062
B42: II. MATERIALES
B44: DESCRIPCIÓN | J44: UNIDAD | K44: CANTIDAD | L44: PRECIO UNIT. | N44: Vr. UNITARIO
A45: B0063200 | B45: Agua | J45: lt | K45: 3 | L45: 65 | M45: #N/A | N45: =+K45*L45 -> 195
N46: =+K46*L46 -> 0
N47: =+K47*L47 -> 0
N48: =+K48*L48 -> 0
N49: =+K49*L49 -> 0
N50: =+K50*L50 -> 0
N51: =+K51*L51 -> 0
B53: SUBTOTAL $ | N53: =SUM(N45:N52) -> 195
B55: III. TRANSPORTES
B57: MATERIAL | H57: UNIDAD | I57: CANTIDAD (1) | J57: DISTANCIA (2) | K57: CANTIDAD * DISTANCIA (1) * (2) | L57: TARIFA | N57: Vr. UNITARIO
B58: TRANSPORTE DE EQUIPOS | H58: GL | K58: =+I58*J58 -> 0 | N58: 50
B60: SUBTOTAL $ | N60: =SUM(N58:N59) -> 50
B62: IV. MANO DE OBRA
B64: DESCRIPCIÓN | I64: JORNAL | J64: PRESTACIONES | K64: JORNAL TOTAL | L64: RENDIMIENTO | N64: Vr. UNITARIO
A65: A0040010 | B65: Oficial (1) | I65: 56668 | J65: 1.85 | K65: =+J65*I65 -> 104835.8 | L65: =8*L35 -> 4800 | N65: =+K65/L65 -> 21.840792
A66: A0030020 | B66: Obrero (2) | I66: =29260*2 -> 58520 | J66: 1.85 | K66: =I66*J66 -> 108262 | L66: =+L65 -> 4800 | N66: =+K66/L66 -> 22.554583
B67: SUBTOTAL $ | N67: =SUM(N65:N66) -> 44.395375
B69: TOTAL COSTO DIRECTO $ | N69: =+N40+N53+N60+N67 -> 981.506
B71: V. COSTOS INDIRECTOS
B73: DESCRIPCIÓN | K73: Porcentaje | L73: Valor Total
B74: ADMINISTRACIÓN | K74: 0.2 | L74: =K74*$N$69 -> 196.3012
B75: IMPREVISTOS | K75: 0.05 | L75: =K75*$N$69 -> 49.0753
B76: UTILIDAD | K76: 0.05 | L76: =K76*$N$69 -> 49.0753
B77: SUBTOTAL $ | N77: =SUM(L74:M76) -> 294.4518
B79: Precio Unitario Total Aproximado al peso $ | N79: =ROUND(SUM(N69,N77),0) -> 1276
E84: Firma
E85: Nombre:
E86: Representante Legal del Contratista o su Apoderado
E87: Matricula No. :
B89: OBSERVACIONES INTERVENTORÍA:
B95: APROBACIÓN POR INTERVENTORÍA
B96: Nota 1: Cuando se trate de Análisis de precios unitarios correspondientes a ítems de la propuesta económica aprobada, el Interventor aprueba el desglose de los componentes manteniendo el mismo precio unitario de cada ítem, cumpliendo con las especificaciones de construcción vigentes para el proyecto.
B98: Nota 2: Cuando se trate de Análisis de precios unitarios de ítems no previstos, el Interventor aprueba el desglose y precio unitario de cada ítem no previsto, exigiendo la aplicación de los costos correspondientes a insumos y tarifas de la propuesta económica inicial cuando estén contemplados, cumpliendo con las especificaciones de construcción vigente para el proyecto.
E104: Firma
E105: Nombre:
E106: Representante Legal del Interventor o su Apoderado
E107: Matricula No. :

Sheet 311.1
K1: CÓDIGO | L1: MINFRA-MN-IN-10-FR-1
C2: INSTITUTO NACIONAL DE VIAS
C3: PROCESO GESTIÓN DE LA INFRAESTRUCTURA VIAL | K3: VERSIÓN | L3: 1
C4: MANUAL DE INTERVENTORÍA OBRA PÚBLICA
C5: ANÁLISIS DE PRECIOS UNITARIOS | K5: PÁGINA | M5: DE
K8: FECHA
L9: (Día) | M9: (Mes) | N9: (Año)
B10: ITEMS DE LA PROPUESTA ECONÓMICA | H10: ITEMS NO PREVISTOS
B11: UNIDAD EJECUTORA: | I11: DIRECCIÓN TERRITORIAL:
B14: CONTRATO No. | D14: DE
B15: OBJETO DEL CONTRATO:
B18: CARRETERA: | J18: SECTOR:
B20: CONTRATISTA:
B22: INTERVENTOR: | K22: CTO No.: | M22: DE
B24: FECHA CIERRE PROCESO DE SELECCIÓN CONTRATO DE OBRA:
F25: (Día) | H25: (Mes) | J25: (Año)
B27: DATOS ESPECÍFICOS
B29: ITEM | C29: DESCRIPCIÓN | K29: GRUPO DE AJUSTE | L29: UNIDAD | N29: CANTIDAD
B30: 311.1 | C30: Afirmado | L30: m3
B32: I. EQUIPO
B34: DESCRIPCIÓN | I34: TIPO | K34: TARIFA/HORA | L34: RENDIMIENTO | N34: Vr. UNITARIO
B35: RETROEXCAVADORA SOBRE ORUGA, POTENCIA 138 HP, VALDE DE 1,5 m3. EXPLOTACION Y CARGUE | K35: 210000 | L35: 45 | N35: =+K35/L35 -> 4666.6667
A36: C0010150 | B36: Carrotanque de agua(1000 Galones) | K36: =+'310.1'!K35 -> 65000 | L36: 35 | N36: =+K36/L36 -> 1857.1429
A37: C0010610 | B37: Motoniveladora potencia 215 HP, ancho de cuchilla 4,27 m, peso 18 ton. | K37: =+'310.1'!K36 -> 190000 | L37: =+L36 -> 35 | N37: =+K37/L37 -> 5428.5714
A38: C0010923 | B38: Vibrocompatador, potencia 153 HP, peso 10 Ton. | K38: =+'310.1'!K37 -> 160000 | L38: =+L36 -> 35 | N38: =+K38/L38 -> 4571.4286
B40: HERRAMIENTA MENOR (%) | L40: 0.02 | N40: =N68*L40 -> 15.353414
N41: =SUM(N35:N40) -> 16539.163
B43: II. MATERIALES
B44: SUBTOTAL $
B45: DESCRIPCIÓN | J45: UNIDAD | K45: CANTIDAD | L45: PRECIO UNIT. | N45: Vr. UNITARIO
B46: Afirmado | J46: m3 | K46: 1.25 | L46: 21000 | M46: #N/A | N46: =+K46*L46 -> 26250
A47: B0063200 | B47: Agua | J47: Lt | K47: 25 | L47: 65 | N47: =+K47*L47 -> 1625
N48: =+K48*L48 -> 0
N49: =+K49*L49 -> 0
N50: =+K50*L50 -> 0
N51: =+K51*L51 -> 0
N52: =+K52*L52 -> 0
B53: DESPERDICIOS (2%) | N53: =+N46*0.02 -> 525
B54: SUBTOTAL $ | N54: =SUM(N46:N53) -> 28400
B56: III. TRANSPORTES
B58: MATERIAL | H58: UNIDAD | I58: CANTIDAD (1) | J58: DISTANCIA (2) | K58: CANTIDAD * DISTANCIA (1) * (2) | L58: TARIFA | N58: Vr. UNITARIO
B59: MATERIAL DE AFIRMADO | H59: M3 | I59: 1.25 | J59: 20 | K59: =+I59*J59 -> 25 | L59: =+'900.3'!N69 -> 1296.2963 | N59: =+K59*L59 -> 32407.407
B61: SUBTOTAL $ | N61: =SUM(N59:N60) -> 32407.407
B63: IV. MANO DE OBRA
B65: DESCRIPCIÓN | I65: JORNAL | J65: PRESTACIONES | K65: JORNAL TOTAL | L65: RENDIMIENTO | N65: Vr. UNITARIO
A66: A0040010 | B66: Oficial | I66: 57668 | J66: 1.85 | K66: =I66*J66 -> 106685.8 | L66: =L36*8 -> 280 | N66: =+K66/L66 -> 381.02071
A67: A0030020 | B67: Obrero (2) | I67: =29260*2 -> 58520 | J67: 1.85 | K67: =I67*J67 -> 108262 | L67: =L37*8 -> 280 | N67: =+K67/L67 -> 386.65
B68: SUBTOTAL $ | N68: =SUM(N66:N67) -> 767.67071
B70: TOTAL COSTO DIRECTO $ | N70: =+N41+N54+N61+N68 -> 78114.241
B72: V. COSTOS INDIRECTOS
B74: DESCRIPCIÓN | K74: Porcentaje | L74: Valor Total
B75: ADMINISTRACIÓN | K75: 0.2 | L75: =K75*$N$70 -> 15622.848
B76: IMPREVISTOS | K76: 0.05 | L76: =K76*$N$70 -> 3905.7121
B77: UTILIDAD | K77: 0.05 | L77: =K77*$N$70 -> 3905.7121
B78: SUBTOTAL $ | N78: =SUM(L75:M77) -> 23434.272
B80: Precio Unitario Total Aproximado al peso $ | N80: =ROUND(SUM(N70,N78),0) -> 101549
E85: Firma
E86: Nombre:
E87: Representante Legal del Contratista o su Apoderado
E88: Matricula No. :
B90: OBSERVACIONES INTERVENTORÍA:
B96: APROBACIÓN POR INTERVENTORÍA
B97: Nota 1: Cuando se trate de Análisis de precios unitarios correspondientes a ítems de la propuesta económica aprobada, el Interventor aprueba el desglose de los componentes manteniendo el mismo precio unitario de cada ítem, cumpliendo con las especificaciones de construcción vigentes para el proyecto.
B99: Nota 2: Cuando se trate de Análisis de precios unitarios de ítems no previstos, el Interventor aprueba el desglose y precio unitario de cada ítem no previsto, exigiendo la aplicación de los costos correspondientes a insumos y tarifas de la propuesta económica inicial cuando estén contemplados, cumpliendo con las especificaciones de construcción vigente para el proyecto.
E105: Firma
E106: Nombre:
E107: Representante Legal del Interventor o su Apoderado
E108: Matricula No. :

Sheet 681.1
K1: CÓDIGO | L1: MINFRA-MN-IN-10-FR-1
C2: INSTITUTO NACIONAL DE VIAS
C3: PROCESO GESTIÓN DE LA INFRAESTRUCTURA VIAL | K3: VERSIÓN | L3: 1
C4: MANUAL DE INTERVENTORÍA OBRA PÚBLICA
C5: ANÁLISIS DE PRECIOS UNITARIOS | K5: PÁGINA | M5: DE
K8: FECHA
L9: (Día) | M9: (Mes) | N9: (Año)
B10: ITEMS DE LA PROPUESTA ECONÓMICA | H10: ITEMS NO PREVISTOS
B11: UNIDAD EJECUTORA: | I11: DIRECCIÓN TERRITORIAL:
B14: CONTRATO No. | D14: DE
B15: OBJETO DEL CONTRATO:
B18: CARRETERA: | J18: SECTOR:
B20: CONTRATISTA:
B22: INTERVENTOR: | K22: CTO No.: | M22: DE
B24: FECHA CIERRE PROCESO DE SELECCIÓN CONTRATO DE OBRA:
F25: (Día) | H25: (Mes) | J25: (Año)
B27: DATOS ESPECÍFICOS
B29: ITEM | C29: DESCRIPCIÓN | K29: GRUPO DE AJUSTE | L29: UNIDAD | N29: CANTIDAD
B30: 681.1 | C30: Gaviónes de Malla de Alambre de Acero Entrelazado Clase 1; recubrimiento de Zinc (galvanizado) | L30: m3
B32: I. EQUIPO
B34: DESCRIPCIÓN | I34: TIPO | K34: TARIFA/HORA | L34: RENDIMIENTO | N34: Vr. UNITARIO
B39: HERRAMIENTA MENOR (%) | L39: 0.03 | N39: =+N67*0.03 -> 1415.028
B40: SUBTOTAL $ | N40: =SUM(N35:N39) -> 1415.028
B42: II. MATERIALES
B44: DESCRIPCIÓN | J44: UNIDAD | K44: CANTIDAD | L44: PRECIO UNIT. | N44: Vr. UNITARIO
B45: Piedra de Gavion | J45: m3 | K45: 1.05 | L45: 40000 | N45: =+K45*L45 -> 42000
B46: Alambre galvanizado No. 12 | J46: kg | K46: 0.5 | L46: 7125 | N46: =+K46*L46 -> 3562.5
B47: Formaleta (gaviones, juntas de bordillos, juntas de cunetas, muros, concretos clase D,E, F y G) | J47: m2 | K47: 0.5 | L47: 7910 | N47: =+K47*L47 -> 3955
B48: Malla para gaviones (2M3) | J48: u | K48: 0.5 | L48: 169037 | N48: =+K48*L48 -> 84518.5
N49: =+K49*L49 -> 0
N50: =+K50*L50 -> 0
N51: =+K51*L51 -> 0
B53: SUBTOTAL $ | N53: =SUM(N45:N52) -> 134036
B55: III. TRANSPORTES
B57: MATERIAL | H57: UNIDAD | I57: CANTIDAD (1) | J57: DISTANCIA (2) | K57: CANTIDAD * DISTANCIA (1) * (2) | L57: TARIFA | N57: Vr. UNITARIO
B58: Transporte para piedra de gaviones | H58: m3k | I58: 1.1 | J58: 25 | K58: =+I58*J58 -> 27.5 | L58: =+'900.3'!N69 -> 1296.2963 | M58: #N/A | N58: =+K58*L58 -> 35648.148
B60: SUBTOTAL $ | N60: =SUM(N58:N59) -> 35648.148
B62: IV. MANO DE OBRA
B64: DESCRIPCIÓN | I64: JORNAL | J64: PRESTACIONES | K64: JORNAL TOTAL | L64: RENDIMIENTO | N64: Vr. UNITARIO
B65: Obrero (5) | I65: =29260*5 -> 146300 | J65: 1.85 | K65: =I65*J65 -> 270655 | L65: 8 | N65: =+K65/L65 -> 33831.875
B66: Oficial | I66: 57668 | J66: 1.85 | K66: =I66*J66 -> 106685.8 | L66: =+L65 -> 8 | N66: =+K66/L66 -> 13335.725
B67: SUBTOTAL $ | N67: =SUM(N65:N66) -> 47167.6
B69: TOTAL COSTO DIRECTO $ | N69: =+N40+N53+N60+N67 -> 218266.78
B71: V. COSTOS INDIRECTOS
B73: DESCRIPCIÓN | K73: Porcentaje | L73: Valor Total
B74: ADMINISTRACIÓN | K74: 0.2 | L74: =K74*$N$69 -> 43653.355
B75: IMPREVISTOS | K75: 0.05 | L75: =K75*$N$69 -> 10913.339
B76: UTILIDAD | K76: 0.05 | L76: =K76*$N$69 -> 10913.339
B77: SUBTOTAL $ | N77: =SUM(L74:M76) -> 65480.033
B79: Precio Unitario Total Aproximado al peso $ | N79: =ROUND(SUM(N69,N77),0) -> 283747
E84: Firma
E85: Nombre:
E86: Representante Legal del Contratista o su Apoderado
E87: Matricula No. :
B89: OBSERVACIONES INTERVENTORÍA:
B95: APROBACIÓN POR INTERVENTORÍA
B96: Nota 1: Cuando se trate de Análisis de precios unitarios correspondientes a ítems de la propuesta económica aprobada, el Interventor aprueba el desglose de los componentes manteniendo el mismo precio unitario de cada ítem, cumpliendo con las especificaciones de construcción vigentes para el proyecto.
B98: Nota 2: Cuando se trate de Análisis de precios unitarios de ítems no previstos, el Interventor aprueba el desglose y precio unitario de cada ítem no previsto, exigiendo la aplicación de los costos correspondientes a insumos y tarifas de la propuesta económica inicial cuando estén contemplados, cumpliendo con las especificaciones de construcción vigente para el proyecto.
E104: Firma
E105: Nombre:
E106: Representante Legal del Interventor o su Apoderado
E107: Matricula No. :

Sheet HEXAPODOS
I1: CÓDIGO | J1: MINFRA-MN-IN-10-FR-1
B2: INSTITUTO NACIONAL DE VIAS
B3: PROCESO GESTIÓN DE LA INFRAESTRUCTURA VIAL | I3: VERSIÓN | J3: 1
B4: MANUAL DE INTERVENTORÍA OBRA PÚBLICA
B5: ANÁLISIS DE PRECIOS UNITARIOS | I5: PÁGINA | K5: DE
I8: FECHA | J8: 21 | K8: 8 | L8: 2020
J9: (Día) | K9: (Mes) | L9: (Año)
A10: ITEMS DE LA PROPUESTA ECONÓMICA | G10: ITEMS NO PREVISTOS
A11: UNIDAD EJECUTORA: | H11: DIRECCIÓN TERRITORIAL: | I11: NORTE DE SANTANDER
A14: CONTRATO No. | D14: DE
A15: OBJETO DEL CONTRATO:
A17: CARRETERA: | B17: LA LEJIA - SARAVENA | H17: SECTOR: | I17: RUTA 66 TRAMO 04
A18: CONTRATISTA:
A19: INTERVENTOR: | I19: CTO No.: | K19: DE
A20: FECHA CIERRE PROCESO DE SELECCIÓN CONTRATO DE OBRA:
F21: (Día) | G21: (Mes) | H21: (Año)
A22: DATOS ESPECÍFICOS
A24: ITEM | B24: DESCRIPCIÓN | I24: GRUPO DE AJUSTE | J24: UNIDAD | L24: CANTIDAD
A25: 3P | B25: CONSTRUCCION Y COLOCACION DE HEXAPODOS CONCRETO CLASE D 210 kg/cm2=3000 psi= 21MPa; VOLUMEN 1 M3 | I25: 6 | J25: UNIDAD | L25: 50
A27: I. EQUIPO
A29: DESCRIPCIÓN | G29: TIPO | I29: TARIFA/HORA | J29: RENDIMIENTO | L29: Vr. UNITARIO
A30: VIBRADOR DE CONCRETO, MOTOR 3 hp A 18.000 rpm, MANGUERA DE 4 mt | I30: 9800 | J30: 1.2 | L30: =I30/J30 -> 8166.6667
A31: RETROEXCAVADORA SOBRE ORUGA, POTENCIA 138 HP, VALDE DE 1,5 m3. | I31: 210000 | J31: 1.2 | L31: =I31/J31 -> 175000
A32: MEZCLADORA DE CONCRETO 1 BULTO, MOTOR 8 HP. | I32: 10000 | J32: 1.2 | L32: =I32/J32 -> 8333.3333
A33: HERRAMIENTA MENOR (10% M. DE O.) | L33: =L67*0.1 -> 26911.58
A34: SUBTOTAL $ | L34: =SUM(L30:L33) -> 218411.58
A36: II. MATERIALES
A38: DESCRIPCIÓN | H38: UNIDAD | I38: CANTIDAD | J38: PRECIO UNIT. | L38: Vr. UNITARIO
A39: TRITURADO DE 3/4" | H39: m3 | I39: 0.86 | J39: 78000 | L39: =I39*J39 -> 67080
A40: ARENA DE TRITURACION (AGREGADO FINO) | H40: m3 | I40: 0.55 | J40: 45000 | L40: =I40*J40 -> 24750
A41: CEMENTO GRIS | H41: Kg | I41: 350 | J41: 520 | L41: =I41*J41 -> 182000
A42: AGUA | H42: L | I42: 175 | J42: 50 | L42: =I42*J42 -> 8750
A43: FORMALETA | H43: M2 | I43: 12 | J43: 15200 | L43: =I43*J43 -> 182400
A44: ACERO DE REFUERZO FY=420 MPA - GRADO 60 | H44: kg | I44: 9.31 | J44: 3464.3667 | L44: =I44*J44 -> 32253.254
A45: GUAYA CON ALMA DE ACERO DE 1" | H45: ML | I45: 1.5 | J45: =31000*1.19 -> 36890 | L45: =I45*J45 -> 55335
A47: Desperdicio 5% | L47: =+SUM(L39:L45)*5% -> 27628.413
A49: SUBTOTAL $ | L49: =SUM(L39:L48) -> 580196.67
A51: III. TRANSPORTES
A53: MATERIAL | F53: UNIDAD | G53: CANTIDAD (1) | H53: DISTANCIA (2) | I53: (1) * (2) | J53: TARIFA | L53: Vr. UNITARIO | N53: =+J54*1.31 -> 124450
A54: TRANSPORTE DE HEXAPODOS | F54: UNIDAD | G54: 1 | J54: 95000 | L54: =G54*J54 -> 95000
A58: SUBTOTAL $ | L58: =SUM(L54:L57) -> 95000
A60: IV. MANO DE OBRA
A62: TRABAJADOR | G62: JORNAL | H62: PRESTACIONES (%) | I62: JORNAL TOTAL | J62: RENDIMIENTO | L62: Vr. UNITARIO
A63: Obrero (3) | G63: =29260*3 -> 87780 | H63: 185 | I63: =+G63*H63/100 -> 162393 | J63: 1 | L63: =I63/J63 -> 162393
A64: Oficial (1) | G64: 57688 | H64: 185 | I64: =+G64*H64/100 -> 106722.8 | J64: =J63 -> 1 | L64: =I64/J64 -> 106722.8
A67: SUBTOTAL $ | L67: =SUM(L63:L66) -> 269115.8
A69: TOTAL COSTO DIRECTO $ | L69: =L34+L49+L58+L67 -> 1162724
A71: V. COSTOS INDIRECTOS
A73: Descripción | I73: Porcentaje | J73: Valor Total
A74: ADMINISTRACION | I74: 0.2 | J74: =L69*I74 -> 232544.81
A75: IMPREVISTOS | I75: 0.05 | J75: =L69*I75 -> 58136.202
A76: UTILIDAD | I76: 0.05 | J76: =L69*I76 -> 58136.202
A77: SUBTOTAL $ | L77: =J74+J75+J76 -> 348817.21
A78: VALOR TOTAL | L78: =L69+L77 -> 1511541.3
A79: Precio Unitario Total Aproximado al Peso $ | L79: =ROUND(L69+L77,0) -> 1511541
D82: Firma
D83: Nombre:
D84: Rep Legal
D85: Matricula No. :
A86: OBSERVACIONES INTERVENTORÍA:
A89: APROBACIÓN POR INTERVENTORÍA
A90: Nota 1: Cuando se trate de Análisis de precios unitarios correspondientes a ítems de la propuesta económica aprobada, el Interventor aprueba el desglose de los componentes manteniendo el mismo precio unitario de cada ítem, cumpliendo con las especificaciones de construcción vigentes para el proyecto.
A92: Nota 2: Cuando se trate de Análisis de precios unitarios de ítems no previstos, el Interventor aprueba el desglose y precio unitario de cada ítem no previsto, exigiendo la aplicación de los costos correspondientes a insumos y tarifas de la propuesta económica inicial cuando estén contemplados, cumpliendo con las especificaciones de construcción vigente para el proyecto.
D97: Firma
D98: Nombre:
D99: Rep Legal
D100: C.C. No.
A102: Original: Archivo de Gestión del Contrato (Subdirección Administrativa).
A103: Copias: Unidad Ejecutora, Contratista, Interventor y Dirección Territorial.

Sheet 900.3
K1: CÓDIGO | L1: MINFRA-MN-IN-10-FR-1
C2: INSTITUTO NACIONAL DE VIAS
C3: PROCESO GESTIÓN DE LA INFRAESTRUCTURA VIAL | K3: VERSIÓN | L3: 1
C4: MANUAL DE INTERVENTORÍA OBRA PÚBLICA
C5: ANÁLISIS DE PRECIOS UNITARIOS | K5: PÁGINA | M5: DE
K8: FECHA
L9: (Día) | M9: (Mes) | N9: (Año)
B10: ITEMS DE LA PROPUESTA ECONÓMICA | H10: ITEMS NO PREVISTOS
B11: UNIDAD EJECUTORA: | I11: DIRECCIÓN TERRITORIAL:
B14: CONTRATO No. | D14: DE
B15: OBJETO DEL CONTRATO:
B18: CARRETERA: | J18: SECTOR:
B20: CONTRATISTA:
B22: INTERVENTOR: | K22: CTO No.: | M22: DE
B24: FECHA CIERRE PROCESO DE SELECCIÓN CONTRATO DE OBRA:
F25: (Día) | H25: (Mes) | J25: (Año)
B27: DATOS ESPECÍFICOS
B29: ITEM | C29: DESCRIPCIÓN | K29: GRUPO DE AJUSTE | L29: UNIDAD | N29: CANTIDAD
B30: 900.3 | C30: Transporte de materiales provenientes de derrumbes, medido a partir de cien metros (100m) | L30: m3/km
B32: I. EQUIPO
B34: DESCRIPCIÓN | I34: TIPO | K34: TARIFA/HORA | L34: RENDIMIENTO | N34: Vr. UNITARIO
A35: C0010960 | B35: Volqueta 6 m3 | K35: 70000 | L35: 54 | N35: =+K35/L35 -> 1296.2963
B39: HERRAMIENTA MENOR (%)
B40: SUBTOTAL $ | N40: =SUM(N35:N39) -> 1296.2963
B42: II. MATERIALES
B44: DESCRIPCIÓN | J44: UNIDAD | K44: CANTIDAD | L44: PRECIO UNIT. | N44: Vr. UNITARIO
N45: =+K45*L45 -> 0
N46: =+K46*L46 -> 0
N47: =+K47*L47 -> 0
N48: =+K48*L48 -> 0
N49: =+K49*L49 -> 0
N50: =+K50*L50 -> 0
N51: =+K51*L51 -> 0
B53: SUBTOTAL $ | N53: =SUM(N45:N52) -> 0
B55: III. TRANSPORTES
B57: MATERIAL | H57: UNIDAD | I57: CANTIDAD (1) | J57: DISTANCIA (2) | K57: CANTIDAD * DISTANCIA (1) * (2) | L57: TARIFA | N57: Vr. UNITARIO
K58: =+I58*J58 -> 0 | N58: =+K58*L58 -> 0
B60: SUBTOTAL $ | N60: =SUM(N58:N59) -> 0
B62: IV. MANO DE OBRA
B64: DESCRIPCIÓN | I64: JORNAL | J64: PRESTACIONES | K64: JORNAL TOTAL | L64: RENDIMIENTO | N64: Vr. UNITARIO
B67: SUBTOTAL $ | N67: =SUM(N65:N66) -> 0
B69: TOTAL COSTO DIRECTO $ | N69: =+N40+N53+N60+N67 -> 1296.2963
B71: V. COSTOS INDIRECTOS
B73: DESCRIPCIÓN | K73: Porcentaje | L73: Valor Total
B74: ADMINISTRACIÓN | K74: 0.2 | L74: =K74*$N$69 -> 259.25926
B75: IMPREVISTOS | K75: 0.05 | L75: =K75*$N$69 -> 64.814815
B76: UTILIDAD | K76: 0.05 | L76: =K76*$N$69 -> 64.814815
B77: SUBTOTAL $ | N77: =SUM(L74:M76) -> 388.88889
B79: Precio Unitario Total Aproximado al peso $ | N79: =ROUND(SUM(N69,N77),0) -> 1685
E84: Firma
E85: Nombre:
E86: Representante Legal del Contratista o su Apoderado
E87: Matricula No. :
B89: OBSERVACIONES INTERVENTORÍA:
B95: APROBACIÓN POR INTERVENTORÍA
B96: Nota 1: Cuando se trate de Análisis de precios unitarios correspondientes a ítems de la propuesta económica aprobada, el Interventor aprueba el desglose de los componentes manteniendo el mismo precio unitario de cada ítem, cumpliendo con las especificaciones de construcción vigentes para el proyecto.
B98: Nota 2: Cuando se trate de Análisis de precios unitarios de ítems no previstos, el Interventor aprueba el desglose y precio unitario de cada ítem no previsto, exigiendo la aplicación de los costos correspondientes a insumos y tarifas de la propuesta económica inicial cuando estén contemplados, cumpliendo con las especificaciones de construcción vigente para el proyecto.
E104: Firma
E105: Nombre:
E106: Representante Legal del Interventor o su Apoderado
E107: Matricula No. :
